 Dungeon Sprint DCSS version 0.17-a0-1046-ga09e34d (webtiles) character file.

5637 drasked the Imperceptible (level 10, -8/49 HPs)
             Began as a Spriggan Enchanter on May 15, 2015.
             Was an Elder of Dithmenos.
             Killed by an exploding giant spore (26 damage)
             ... in the Dungeon (Sprint I: "Red Sonja").
             The game lasted 00:15:32 (1537 turns).

drasked the Imperceptible (Spriggan Enchanter)      Turns: 1537, Time: 00:15:32

Health: -8/49      AC:  3    Str:  4    XL:     10   Next: 46%
Magic:  24/24      EV: 22    Int: 20    God:    Dithmenos [****..]
Gold:   671        SH:  0    Dex: 17    Spells: 3 memorised, 22 levels left

rFire  . . .     SeeInvis +     l - +0 dagger (venom)
rCold  . . .     Clarity  .     b - +1 robe
rNeg   . . .     SustAb   .     (shield restricted)
rPois  .         Gourm    .     (helmet restricted)
rElec  .         Spirit   .     (no cloak)
rCorr  .         Warding  .     (gloves unavailable)
rMut   .         NoTele   +     (boots unavailable)
MR     +....                    (no amulet)
Stlth  +++++++...               k - ring of wizardry {Wiz+, !d}
                                n - ring of stealth {Stlth+}

@: confused, wreathed by umbra, very quick, somewhat resistant to hostile
enchantments, extremely stealthy
A: unfitting armour, see invisible, herbivore 3, speed 3, slow metabolism 2
a: Shadow Step, Renounce Religion


You were in the Dungeon.
You worshipped Dithmenos.
Dithmenos was greatly pleased with you.
You were not hungry.

You visited 1 branch You collected 870 gold pieces.
You spent 199 gold pieces at shops.

Inventory:

Hand weapons
 a - a +1 dagger
 l - a +0 dagger of venom (weapon)
   (You took it off Sonja in the Dungeon)
 m - a +0 blowgun
   (You took it off Sonja in the Dungeon)
Missiles
 e - 7 curare-tipped needles
Armour
 b - a +1 robe (worn)
Jewellery
 k - a ring of wizardry (right hand) {Wiz+, !d}
   (You found it in the Dungeon)
 n - a ring of stealth (left hand) {Stlth+}
   (You bought it in a shop in the Dungeon)
Magical devices
 i - a wand of digging (13)
   (You took it off Sigmund in the Dungeon)
Scrolls
 j - a scroll of remove curse
Potions
 f - a potion of heal wounds
 g - a potion of haste
 h - 2 potions of magic
Books
 c - a book of Maledictions
Comestibles
 d - a bread ration {@e1}


   Skills:
 + Level 3.3 Fighting
 + Level 13.6 Short Blades
 + Level 6.8 Dodging
 * Level 24.6 Stealth
 + Level 9.7 Spellcasting
 - Level 8.7 Hexes


You had 22 spell levels left.
You knew the following spells:

 Your Spells              Type           Power        Failure   Level  Hunger
a - Ensorcelled Hibernat  Hex/Ice        ####..       1%          2    None
c - Confuse               Hex            #####...     1%          3    None
v - Corona                Hex            #####..      1%          1    None


Dungeon Overview and Level Annotations

Branches:
Dungeon (1/1)

Altars:
Cheibriados
Dithmenos
Elyvilon
Fedhas
Gozag
Kikubaaqudgha
Makhleb
Nemelex Xobeh
Okawaru
Qazlal
Ru
Sif Muna
Trog
Vehumet
Xom
Yredelemnul
Zin
The Shining One
Jiyva

Shops:
D *=

Annotations:
D exclusion: 5 hogs


Innate Abilities, Weirdness & Mutations

You are tiny and cannot use many weapons and most armour.
You have supernaturally acute eyesight.
You are a herbivore.
You cover ground extremely quickly.
You need consume almost no food.


Message History

Which direction?
You close the door.
There is an open door here.
There is an open door here.
There is an open door here.
There is a snail-covered altar of Cheibriados here.
There is an open door, spattered with blood here.
Things that are here:
a dagger; a robe
There is an open door here.
You open the door.
A centaur warrior comes into view.
There is an open door here.
You enter the shallow water.
Moving in this stuff is going to be slow.
A centaur warrior comes into view.
The helpless centaur warrior fails to defend itself.
You perforate the centaur warrior like a sieve!!!!!
You kill the centaur warrior!
Dithmenos accepts your kill.
Your Fighting skill gained 2 levels and is now at level 2!
Your Dodging skill gained 2 levels and is now at level 5!
You have reached level 10!
You feel agile.
You regained 3 hp, and now have 40/46 hp.
MP restored: 23 The helpless centaur warrior fails to defend itself.
You perforate the centaur warrior like a sieve!!!!!
You kill the centaur warrior!
Dithmenos accepts your kill.
Your shadow now sometimes tangibly mimics your actions.
Your Dodging skill increases to level 6!
Your Stealth skill increases to level 24!
Your Spellcasting skill increases to level 9!
Things that are here:
a shortbow; 15 arrows; a centaur corpse
Things that are here:
a glowing shortbow; 11 arrows; a centaur corpse You see here a plate armour.
You see here a long sword.
You see here a plate armour.
Things that are here:
a glowing shortbow; 11 arrows; a centaur corpse; MP restored: 24 You open the door.
A wasp comes into view.
There is an open door, spattered with blood here.
The helpless wasp fails to defend itself.
You skewer the wasp like a kebab!!!!!
You kill the wasp!
Dithmenos accepts your kill.
You now have 482 gold pieces (gained 27).
You now have 509 gold pieces (gained 27).
You now have 536 gold pieces (gained 27).
You now have 563 gold pieces (gained 27).
There is an open door, spattered with blood here.
You enter the shallow water.
Moving in this stuff is going to be slow.
You open the door.
There is an open door here.
You see here 23 arrows.
j - a scroll labeled ZUIPRA HIUQITYMA You see here 23 arrows.
j - 2 scrolls labeled ZUIPRA HIUQITYMA (gained 1) Read which item? (? for menu, Esc to quit)
As you read the scroll labeled ZUIPRA HIUQITYMA, it crumbles to dust.
You feel blessed for a moment.
It was a scroll of remove curse.
You see here 23 arrows.
You open the door.
A deep troll comes into view.
There is an open door here.
The helpless deep troll fails to defend itself.
You skewer the deep troll like a kebab!!!!!
You kill the deep troll!
Dithmenos accepts your kill.
Your Fighting skill increases to level 3!
You now have 590 gold pieces (gained 27).
You now have 617 gold pieces (gained 27).
You open the door.
You now have 644 gold pieces (gained 27).
You now have 671 gold pieces (gained 27).
There is an open door here.
Unknown command.
Okay, then.
Unknown command.
You open the door. 2 giant spores come into view.
There is an open door here.
The helpless giant spore fails to defend itself.
You spit the giant spore like a pig!!!!!
The giant spore explodes!
The explosion of spores engulfs you!
You are confused.
Ouch! That really hurt!
You emit a cloud of dark smoke.
The explosion of spores engulfs the giant spore.
The giant spore explodes!
The explosion of spores engulfs you!
You are more confused.
Ouch! That really hurt!
You die...

#..#_..__##'#..'§≈≈§.'§.#...§
#⌠⌠#_.∩...'..._#≈§§§§#§.#.§§§
####_..._##_.#'##§#####+###§.
#_____###'#.#.(§[# #§§
############.####'### #§§
#∩........'...'.....+ #.§
###++++####...####### ##+
##§## #@# #$§§§$# #$!§($#
#######


There were no monsters in sight!

Vanquished Creatures
  2 centaur warriors (D)
  Sonja (D)
  A deep troll (D)
  A lindwurm (D)
  A gargoyle (D)
  2 kobold demonologists (D)
  4 demonic crawlers (D)
  A slime creature (D)
  2 hogs (D)
  Sigmund (D)
  A yak (D)
  A wasp (D)
  An ogre (D)
  Ijyb (D)
  A jelly (D)
  A giant eyeball (D)
22 creatures vanquished.

Vanquished Creatures (others)
  A gargoyle (D)
  An ufetubus (D)
2 creatures vanquished.

Grand Total: 24 creatures vanquished

Notes
Turn   | Place    | Note
--------------------------------------------------------------
     0 | D        | drasked the Spriggan Enchanter began the quest for the Orb.
     0 | D        | Reached XP level 1. HP: 9/9 MP: 5/5
     2 | D        | Noticed Ijyb
    13 | D        | Killed Ijyb
    13 | D        | Reached skill level 3 in Short Blades
    13 | D        | Reached skill level 8 in Stealth
    13 | D        | Reached XP level 2. HP: 13/13 MP: 6/6
    71 | D        | Learned a level 2 spell: Ensorcelled Hibernation
    74 | D        | Noticed an ogre
    84 | D        | Killed an ogre
    84 | D        | Reached skill level 5 in Short Blades
    84 | D        | Reached skill level 12 in Stealth
    84 | D        | Reached XP level 3. HP: 4/16 MP: 2/8
    84 | D        | Reached XP level 4. HP: 5/21 MP: 2/9
   336 | D        | Killed a gargoyle
   425 | D        | Noticed Sigmund
   428 | D        | Killed Sigmund
   428 | D        | Reached skill level 7 in Short Blades
   428 | D        | Reached skill level 15 in Stealth
   428 | D        | Reached XP level 5. HP: 24/24 MP: 10/10
   428 | D        | Reached XP level 6. HP: 28/28 MP: 11/11
   435 | D        | Learned a level 3 spell: Confuse
   446 | D        | Found a deep blue altar of Sif Muna.
   447 | D        | Noticed a jelly
   448 | D        | Found a radiant altar of Vehumet.
   452 | D        | Killed a jelly
   452 | D        | Reached skill level 8 in Short Blades
   494 | D        | Found a snail-covered altar of Cheibriados.
   494 | D        | Found a viscous altar of Jiyva.
   494 | D        | Found a shadowy altar of Dithmenos.
   494 | D        | Found a blossoming altar of Fedhas.
   494 | D        | Noticed a slime creature
   497 | D        | Killed a slime creature
   497 | D        | Reached skill level 9 in Short Blades
   497 | D        | Reached skill level 17 in Stealth
   500 | D        | Became a worshipper of Dithmenos the Shadowed
   515 | D        | Noticed Sonja
   521 | D        | Killed Sonja
   521 | D        | Reached skill level 11 in Short Blades
   521 | D        | Reached skill level 20 in Stealth
   521 | D        | Reached XP level 7. HP: 21/32 MP: 7/12
   521 | D        | Reached XP level 8. HP: 23/36 MP: 7/13
   674 | D        | Found Gonn's Jewellery Emporium.
   674 | D        | Found a white marble altar of Elyvilon.
   674 | D        | Found a stormy altar of Qazlal.
   674 | D        | Found a burning altar of Makhleb.
   674 | D        | Found a sacrificial altar of Ru.
   674 | D        | Found a basalt altar of Yredelemnul.
   674 | D        | Found a glowing golden altar of the Shining One.
   674 | D        | Found a sparkling altar of Nemelex Xobeh.
   674 | D        | Found a shimmering altar of Xom.
   674 | D        | Found an opulent altar of Gozag.
   674 | D        | Found an ancient bone altar of Kikubaaqudgha.
   674 | D        | Found a glowing silver altar of Zin.
   674 | D        | Noticed a yak
   675 | D        | Found an iron altar of Okawaru.
   676 | D        | Killed a yak
   677 | D        | Found a bloodstained altar of Trog.
   681 | D        | Bought an uncursed ring of stealth for 175 gold pieces
   723 | D        | Found Appui's General Store.
   731 | D        | Bought a scroll of identify for 24 gold pieces
   769 | D        | Noticed a kobold demonologist
   770 | D        | Noticed a kobold demonologist
   774 | D        | Killed a kobold demonologist
   774 | D        | Reached skill level 21 in Stealth
   774 | D        | Reached skill level 4 in Spellcasting
   774 | D        | Reached skill level 4 in Hexes
   776 | D        | Noticed a smoke demon
   795 | D        | Killed a kobold demonologist
   795 | D        | Reached skill level 5 in Hexes
   906 | D        | Noticed a demonic crawler
   906 | D        | Noticed a demonic crawler
   906 | D        | Noticed a demonic crawler
   906 | D        | Noticed a demonic crawler
   908 | D        | Killed a demonic crawler
   908 | D        | Acquired Dithmenos's first power
   908 | D        | Reached skill level 12 in Short Blades
   908 | D        | Reached skill level 5 in Spellcasting
   908 | D        | Reached skill level 6 in Hexes
   908 | D        | Reached XP level 9. HP: 39/39 MP: 16/18
   909 | D        | Killed a demonic crawler
   909 | D        | Reached skill level 22 in Stealth
   909 | D        | Reached skill level 6 in Spellcasting
   911 | D        | Killed a demonic crawler
   911 | D        | Reached skill level 7 in Hexes
   912 | D        | Killed a demonic crawler
   912 | D        | Reached skill level 7 in Spellcasting
   949 | D        | Noticed a lindwurm
   953 | D        | Killed a lindwurm
   953 | D        | Acquired Dithmenos's second power
   953 | D        | Reached skill level 23 in Stealth
   953 | D        | Reached skill level 8 in Hexes
   975 | D        | Noticed a hog
   975 | D        | Noticed a hog
   975 | D        | Noticed a hog
   975 | D        | Noticed a hog
   975 | D        | Noticed a hog
   975 | D        | Noticed a hog
   975 | D        | Noticed a hog
   975 | D        | Noticed a hog
   977 | D        | Killed a hog
   977 | D        | Reached skill level 8 in Spellcasting
   978 | D        | Noticed a hog
   978 | D        | Noticed a hog
   979 | D        | Killed a hog
   979 | D        | Reached skill level 13 in Short Blades
   981 | D        | Noticed a hog
   981 | D        | Noticed a hog
   981 | D        | HP: 1/39 [hog (14)]
  1378 | D        | Noticed a gargoyle
  1396 | D        | Killed a gargoyle
  1458 | D        | Noticed a centaur warrior
  1461 | D        | Noticed a centaur warrior
  1464 | D        | Killed a centaur warrior
  1464 | D        | Reached skill level 2 in Fighting
  1464 | D        | Reached skill level 5 in Dodging
  1464 | D        | Reached XP level 10. HP: 40/46 MP: 23/23
  1465 | D        | Killed a centaur warrior
  1465 | D        | Acquired Dithmenos's third power
  1465 | D        | Reached skill level 6 in Dodging
  1465 | D        | Reached skill level 24 in Stealth
  1465 | D        | Reached skill level 9 in Spellcasting
  1475 | D        | Noticed a wasp
  1478 | D        | Killed a wasp
  1511 | D        | Noticed a deep troll
  1513 | D        | Killed a deep troll
  1513 | D        | Reached skill level 3 in Fighting
  1537 | D        | Killed by an exploding giant spore

Vault maps used:
D:        dungeon_sprint_1

Action                   |  1- 3 |  4- 6 |  7- 9 | 10-12 || total
-------------------------+-------+-------+-------+-------++-------
Melee: Dagger            |    10 |     4 |    16 |     4 ||    34
 Cast: Ensorcelled Hiber |     2 |     2 |     5 |       ||     9
       Confuse           |       |       |     2 |       ||     2
  Use: Potion            |     1 |     1 |       |       ||     2
       Scroll            |       |       |     2 |     1 ||     3
 Stab: Sleeping          |     1 |     4 |    12 |     4 ||    21
       Confused          |       |       |     1 |       ||     1

Vault maps used:
D:        dungeon_sprint_1

Table legend:
 A = Turns spent in this place as a percentage of turns spent in the entire game.
 B = Non-inter-level travel turns spent in this place as a percentage of non-inter-level travel turns spent in the entire game.
 C = Inter-level travel turns spent in this place as a percentage of turns spent in this place.
 D = Turns resting spent in this place as a percentage of non-inter-level travel turns spent in this place.
 E = Turns spent auto-exploring this place as a percentage of non-inter-level travel turns spent in this place.
 F = Non-inter-level travel turns spent in this place divided by the number of levels of this place that you've seen.
                   A       B       C       D       E      F
               +-------+-------+-------+-------+-------+----------------------
         Total | 100.0 | 100.0 |   0.0 |   3.0 |   0.0 | 575.0
       Dungeon | 100.0 | 100.0 |   0.0 |   3.0 |   0.0 | 575.0
               +-------+-------+-------+-------+-------+----------------------

Table legend:
 A = Kills in this place as a percentage of kills in entire the game.
 B = Kills by you in this place as a percentage of kills by you in the entire game.
 C = Kills by friends in this place as a percentage of kills by friends in the entire game.
 D = Other kills in this place as a percentage of other kills in the entire game.
 E = Experience gained in this place as a percentage of experience gained in the entire game.
 F = Experience gained in this place divided by the number of levels of this place that you have seen.
                   A       B       C       D       E      F
               +-------+-------+-------+-------+-------+----------------------
         Total | 100.0 | 100.0 |  -nan |  -nan | 100.0 | 8053.0
       Dungeon | 100.0 | 100.0 |  -nan |  -nan | 100.0 | 8053.0
               +-------+-------+-------+-------+-------+----------------------
